 Dungeon Crawl Stone Soup version 0.24-a0-520-g8fd06ad0bc (webtiles) character file.

Game seed: 3683401701615912933

42 vurker the Bolt Thrower (level 3, 0/22 HPs)
             Began as a Kobold Hunter on July 27, 2019.
             Succumbed to an adder's poison
             ... on level 2 of the Dungeon.
             The game lasted 00:01:45 (1202 turns).

vurker the Bolt Thrower (Kobold Hunter)             Turns: 1202, Time: 00:01:46

Health: 0/22       AC:  4    Str: 10    XL:     3   Next: 80%
Magic:  3/3        EV: 14    Int: 17    God:
Gold:   53         SH:  0    Dex: 15    Spells: 2/2 levels left

rFire    . . .     SeeInvis .   b - +0 short sword
rCold    . . .     Gourm    .   (shield restricted)
rNeg     . . .     Faith    .   c - +0 leather armour
rPois    .         Spirit   .   (no helmet)
rElec    .         Reflect  .   (no cloak)
rCorr    .         Harm     .   (no gloves)
MR       .....                  i - +0 pair of boots
Stlth    ++........             (no amulet)
HPRegen  0.07/turn              (no ring)
MPRegen  0.08/turn              (no ring)

@: brilliant, lethally poisoned (0 -> -9)
A: small, carnivore
a: no special abilities


You were on level 2 of the Dungeon.
You were completely stuffed.

You visited 1 branch of the dungeon, and saw 2 of its levels.

You collected 53 gold pieces.

Inventory:

Hand Weapons
 a - a +1 hand crossbow
 b - a +0 short sword (weapon)
Missiles
 d - 20 bolts
Armour
 c - a +0 leather armour (worn)
 i - a +0 pair of boots (worn)
   (You found it on level 1 of the Dungeon)
Scrolls
 f - a scroll of identify {unknown}
 h - 2 scrolls of enchant weapon {unknown}
 k - a scroll of teleportation {unknown}
Potions
 g - a potion of brilliance
Comestibles
 e - 3 rations
 j - a chunk of flesh


   Skills:
 + Level 2.6 Fighting
 * Level 2.5 Short Blades
 * Level 5.4 Crossbows
 - Level 2.4 Dodging
 - Level 1.3 Stealth


You had 2 spell levels left.
You didn't know any spells.
Your spell library was empty.

Dungeon Overview and Level Annotations

Branches:
Dungeon (2/15)

Altars:
Cheibriados


Innate Abilities, Weirdness & Mutations

You are small and have problems with some larger weapons.
You are carnivorous and can eat meat at any time.


Message History

There is a large open door here.
There is a large open door here.
e - 3 rations (gained 1)
You open the large door.
There is a large open door here.
An adder and a rat come into view.
Found a scroll labeled ELUGGA XUSUFFU.
There is a large open door here.
The adder hisses angrily.
The adder misses you.
You hit the adder. The adder barely misses you. x2
You hit the adder. The adder bites you.
You are poisoned.
The adder poisons you!
You barely miss the adder.
You feel sick. The adder bites you.
You are more poisoned.
The adder poisons you!
You barely miss the adder.
You feel sick. The adder barely misses you. The rat closely misses you.
You miss the adder. The adder bites you.
* * * LOW HITPOINT WARNING * * *
You are lethally poisoned!
The adder poisons you! The adder misses you.
The rat bites you but does no damage.
You hit the adder.
* * * LOW HITPOINT WARNING * * *
You feel sick. The adder bites you but does no damage. The rat bites you.
* * * LOW HITPOINT WARNING * * *
Unknown command.
You hit the adder.
You kill the adder!
* * * LOW HITPOINT WARNING * * *
You feel sick. The rat barely misses you.
It was a potion of brilliance.
You feel clever all of a sudden.
* * * LOW HITPOINT WARNING * * *
You feel sick. The rat misses you.
You hit the rat.
You kill the rat!
* * * LOW HITPOINT WARNING * * *
You feel sick.
* * * LOW HITPOINT WARNING * * *
You feel sick.
There is a large open door here.
* * * LOW HITPOINT WARNING * * *
You feel sick.
There is a large open door here.
* * * LOW HITPOINT WARNING * * *
You feel sick.
You die...

#.#........ #........#
..# #....†...+
...+........
#..?.†...#....#.......
#.#####'##....#......#
#+#####'##....#......#
..............#......##
......................#
.......@..............#
........).###.....<...#
..........# #.........#
..........# #.........#
..#####'### ####...##.#
## ####'########...##)#
#..........##.####.#
#..........##.# #.#
##..........##.# #.#


There were no monsters in sight!

Vanquished Creatures
  An adder (D:2)
  An ooze (D:1)
  A leopard gecko (D:1)
  3 bats (D:1)
  6 goblins (D:1)
  5 hobgoblins (D:1)
  2 ball pythons (D:1)
  A frilled lizard (D:1)
  4 kobolds (D:1)
  3 rats
27 creatures vanquished.

Notes
Turn   | Place    | Note
-------+----------+-------------------------------------------
     0 | D:1      | vurker the Kobold Hunter began the quest for the Orb.
     0 | D:1      | Reached XP level 1. HP: 12/12 MP: 1/1
    13 | D:1      | Found a snail-covered altar of Cheibriados.
    58 | D:1      | Reached skill level 1 in Short Blades
    58 | D:1      | Reached skill level 5 in Crossbows
   170 | D:1      | Reached XP level 2. HP: 18/18 MP: 2/2
   384 | D:1      | Reached XP level 3. HP: 16/22 MP: 3/3
  1201 | D:2      | HP: 1/22 [poisoned by an adder]
  1202 | D:2      | Succumbed to an adder's poison

Levels and vault maps discovered:
D:1:      dpeg_arrival_solitude, layout_basic, cheibriados_altar_1
D:2:      layout_basic, lemuel_zombie_altar_yredelemnul,
          overflow_temple_1_default

Skill      XL: |  1  2  3 |
---------------+----------+-----
Short Blades   | 1 2 |  2.5
Crossbows      | 5 |  5.4
Fighting       | |  2.6
Dodging        | |  2.4
Stealth        | |  1.3

Action                   || total
-------------------------++-------
Melee: Short sword       ||    96
  Use: Potion            ||     1
 Stab: Sleeping          ||     4
  Eat: Chunk             ||     9
Armor: Leather armour    ||    18
Dodge: Dodged            ||    70

Table legend:
 A = Non-vault XP
 B = Vault XP
 C = Vault XP percentage of total XP
 D = Non-vault monster count
 E = Vault monster count
 F = Vault count percentage of total count
                 A         B        C        D         E       F
            +---------+---------+-------+---------+---------+-------
      Total |      61 |       0 |   0.0 |      27 |       0 |   0.0
            +---------+---------+-------+---------+---------+-------
        D:1 |      47 |       0 |   0.0 |      25 |       0 |   0.0
        D:2 |      14 |       0 |   0.0 |       2 |       0 |   0.0
            +---------+---------+-------+---------+---------+-------
